 Dungeon Crawl Stone Soup version 0.20.1-1-g8b1a95d (webtiles) character file.

443 Zedayar the Ruffian (level 6, -2/61 HPs)
             Began as a Troll Berserker on Aug 23, 2017.
             Was a Priest of Trog.
             Slain by an ice beast (14 damage)
             ... on level 5 of the Dungeon.
             The game lasted 00:14:43 (2996 turns).

Zedayar the Ruffian (Troll Berserker)               Turns: 2996, Time: 00:14:44

Health: -2/61      AC:  5    Str: 28    XL:     6   Next: 71%
Magic:  5/5        EV: 11    Int:  3    God:    Trog [***...]
Gold:   160        SH:  0    Dex: 13    Spells: 5/5 levels left

rFire    . . .     SeeInvis .   i - +0 rapier (speed)
rCold    . . .     Gourm    +   (no shield)
rNeg     . . .     Faith    .   a - +0 animal skin
rPois    .         Spirit   .   (helmet restricted)
rElec    .         Reflect  .   (no cloak)
rCorr    .         Harm     .   (gloves unavailable)
MR       .....                  (boots unavailable)
Stlth    ..........             s - amulet of the gourmand
Regen    0.6/turn               l - +4 ring of dexterity
MPRegen  0.1/turn               F - ring of loudness (curse)

@: no status effects
A: unfitting armour, claws 3, fast metabolism 3, gourmand, regeneration 1,
shaggy fur 1, tough skin 2
a: Berserk, Trog's Hand, Burn Spellbooks, Renounce Religion


You were on level 5 of the Dungeon.
You worshipped Trog.
Trog was most pleased with you.
You were hungry.

You visited 1 branch of the dungeon, and saw 5 of its levels.

You collected 160 gold pieces.

Inventory:

Hand Weapons
 i - a +0 rapier of speed (weapon)
Armour
 a - a +0 animal skin (worn)
 m - a +2 pair of boots of running
Jewellery
 d - an uncursed amulet of guardian spirit {unknown}
 f - an uncursed ring of protection from magic
 l - a +4 ring of dexterity (left claw)
 p - an uncursed amulet of faith {unknown}
 s - an amulet of the gourmand (around neck)
 F - a cursed ring of loudness (right claw)
Wands
 v - a wand of paralysis (0/24)
Scrolls
 g - a scroll of enchant armour {unknown}
 k - 4 scrolls of teleportation {unknown}
 n - 4 scrolls of identify {unknown}
 o - a scroll of amnesia {unknown}
 u - a scroll of blinking {unknown}
 x - 2 scrolls of fog {unknown}
 y - 2 scrolls of recharging {unknown}
 A - a scroll of immolation {unknown}
 B - a scroll of noise {unknown}
 C - a scroll of fear {unknown}
Potions
 c - a potion of lignification {unknown}
 e - 3 potions of curing {unknown}
 h - 2 potions of invisibility {unknown}
 q - 2 potions of heal wounds {unknown}
 r - 2 potions of might {unknown}
 w - a potion of brilliance {unknown}
 D - 2 potions of magic {unknown}
 E - a potion of cancellation {unknown}
 H - a potion of flight {unknown}
Books
 j - a book of Changes

   Spells                             Type                      Level
   a - Beastly Appendage              Transmutation                1
   b - Sticks to Snakes               Transmutation                2
   c - Spider Form                    Transmutation/Poison         3
   d - Ice Form                       Ice/Transmutation            4
   e - Blade Hands                    Transmutation                5
   Trog disapproves of the use of such an item.
Comestibles
 b - 5 bread rations
 t - a fruit
 z - 2 chunks of flesh
 G - 2 meat rations


   Skills:
 + Level 3.0 Fighting
 * Level 3.4 Short Blades
 + Level 3.3 Dodging
 + Level 0.1 Stealth
 * Level 5.0 Unarmed Combat


You had 5 spell levels left.
You didn't know any spells.

Dungeon Overview and Level Annotations

Branches:
Dungeon (5/15)
 Temple: D:4-7

Altars:
Gozag


Innate Abilities, Weirdness & Mutations

You are too large for most types of armour.
You have claws for hands.
Your metabolism is lightning-fast.
You like to eat raw meat.
Your natural rate of healing is unusually fast.
You are covered in fur. (AC +1)
You have very tough skin. (AC +2)


Message History

The ice beast barely misses you.
You hit the ice beast but do no damage.
The ice beast is almost dead.
The ice beast completely misses you.
You barely miss the ice beast.
The ice beast is almost dead.
You hit the ice beast but do no damage.
The ice beast is almost dead.
The ice beast hits you but does no damage.
You hit the ice beast but do no damage.
The ice beast is almost dead.
The ice beast barely misses you.
You barely miss the ice beast.
The ice beast is almost dead.
You closely miss the ice beast.
The ice beast is almost dead.
The ice beast hits you.
* * * LOW HITPOINT WARNING * * *
The ice beast freezes you!
You die...

##.......#.#
#.....#..# ..
#........# ..
#......### .
##.....#
#......#
#......## .
######..###....
##@Y......
#####.... ..


You could see an ice beast.

Vanquished Creatures
  A centaur (D:5)
  2 crimson imps (D:5)
  3 orc priests
  An iguana (D:5)
  Jessica (D:3)
  Ijyb (D:3)
  5 adders
  4 worms
  A dart slug (D:3)
  2 leopard geckos
  9 orcs
  3 giant cockroaches
  8 goblins
  8 hobgoblins
  5 kobolds
  A quokka (D:3)
  9 bats
  5 frilled lizards
  3 rats
72 creatures vanquished.

Notes
Turn   | Place    | Note
-------+----------+-------------------------------------------
     0 | D:1      | Zedayar the Troll Berserker began the quest for the Orb.
     0 | D:1      | Reached XP level 1. HP: 22/22 MP: 0/0
   245 | D:1      | Reached XP level 2. HP: 29/29 MP: 1/1
   820 | D:2      | Paralysed by fainting for 5 turns
   916 | D:2      | Reached XP level 3. HP: 26/36 MP: 2/2
  1236 | D:2      | Found an opulent altar of Gozag.
  1301 | D:2      | Reached ** piety under Trog
  1301 | D:2      | Reached skill level 4 in Unarmed Combat
  1491 | D:3      | Reached XP level 4. HP: 40/44 MP: 3/3
  1560 | D:3      | Noticed Ijyb
  1561 | D:3      | Noticed Jessica
  1568 | D:3      | Killed Jessica
  1570 | D:3      | Paralysed by Ijyb for 5 turns
  1580 | D:3      | Killed Ijyb
  1580 | D:3      | Reached skill level 1 in Short Blades
  1589 | D:3      | HP: 1/44 [worm (7)]
  1807 | D:3      | Reached XP level 5. HP: 47/50 MP: 4/4
  2385 | D:4      | Reached *** piety under Trog
  2807 | D:5      | Entered Level 5 of the Dungeon
  2812 | D:5      | Reached XP level 6. HP: 57/59 MP: 5/5
  2949 | D:5      | Reached skill level 5 in Unarmed Combat
  2969 | D:5      | Noticed an ice beast
  2996 | D:5      | Slain by an ice beast

Skill      XL: |  1  2  3  4  5  6 |
---------------+-------------------+-----
Unarmed Combat | 4 5 |  5.0
Dodging        | 3 |  3.3
Short Blades   | 1 2 3 |  3.4
Fighting       | 3 |  3.0
Stealth        | |  0.1

Action                   |  1- 3 |  4- 6 || total
-------------------------+-------+-------++-------
Melee: Unarmed           |    68 |       ||    68
       Punch             |     3 |     5 ||     8
       Rapier            |    58 |   161 ||   219
  Eat: Chunk             |     2 |     6 ||     8
       Meat ration       |     1 |       ||     1
       Bread ration      |     1 |     1 ||     2
       Royal jelly       |       |     1 ||     1
Armor: Animal skin       |    77 |    51 ||   128
Dodge: Dodged            |   120 |    87 ||   207
